 Dungeon Crawl Stone Soup version 0.29-a0-330-g52719c12eb (webtiles) character file.

Game seed: 15192405686748106206

5810 night the Archer (level 10, -2/65 HPs)
             Began as a Yellow Draconian Hunter on May 5, 2022.
             Was an Elder of Hepliaklqana.
             Slain by a yak (9 damage)
             ... on level 9 of the Dungeon.
             The game lasted 00:20:32 (9953 turns).

night the Archer (Yellow Draconian Hunter)          Turns: 9953, Time: 00:20:34

Health: -2/65      AC:  9    Str: 15    XL:     10   Next: 50%
Magic:  10/10      EV: 12    Int: 13    God:    Hepliaklqana [****..]
Gold:   559        SH:  0    Dex: 14    Spells: 8/9 levels left

rFire   . . .      SeeInvis .   b - +0 mace
rCold   . . .      Faith    .   (no shield)
rNeg    . . .      Spirit   .   (body armour unavailable)
rPois   .          Reflect  .   (helmet restricted)
rElec   .          Harm     .   A - +0 cloak
rCorr   +          Rampage  .   n - +0 pair of gloves
Will    .....                   (no boots)
Stlth   ++........              (no amulet)
HPRegen 0.20/turn               (no ring)
MPRegen 0.12/turn               (no ring)

@: no status effects
A: reduced essence, spit acid, AC +7, unfitting armour, cold-blooded, acid
resistance
a: Breathe Acid, Renounce Religion, Recall Ancestor, Ancestor Identity,
Transference, Idealise


You were on level 9 of the Dungeon.
You worshipped Hepliaklqana.
Hepliaklqana was greatly pleased with you.
You visited 1 branch of the dungeon, and saw 9 of its levels.
You also visited: Sewer.

You collected 629 gold pieces.
You spent 70 gold pieces at shops.

Inventory:

Hand Weapons
 a - a +1 shortbow
 b - a +0 mace (weapon)
 i - a +0 long sword of holy wrath
 v - a +0 trident of flaming
 D - a +0 scimitar
 K - a +1 vorpal battleaxe
Missiles
 l - 231 stones
 w - 9 boomerangs
 y - 36 poisoned darts
 G - a throwing net
Armour
 n - a +0 pair of gloves (worn)
 A - a +0 cloak (worn)
Jewellery
 x - the ring "Taeph" {+Blink rPois rF+ Int-3 Dex+6}
   (You took it off a gnoll on level 5 of the Dungeon)

   [ring of dexterity]

   Int:       It affects your intelligence (-3).
   Dex:       It affects your dexterity (+6).
   rF:        It protects you from fire.
   rPois:     It protects you from poison.
   +Blink:    It lets you blink.
 C - a +6 ring of dexterity
 J - a ring of protection from fire
Wands
 p - a wand of polymorph (9)
 B - a wand of charming (15)
 I - a wand of paralysis (7)
 L - a wand of iceblast (1)
Scrolls
 d - 5 scrolls of immolation
 e - 3 scrolls of vulnerability
 k - 4 scrolls of magic mapping
 r - 6 scrolls of identify
 u - 4 scrolls of teleportation
 z - a scroll of fog
 E - a scroll of noise
 H - a scroll of enchant armour
Potions
 c - 3 potions of heal wounds
 f - a potion of magic {unknown}
 g - 2 potions of lignification
 h - 6 potions of curing
 j - 4 potions of degeneration {unknown}
 m - a potion of might {unknown}
 o - a potion of flight {unknown}
 q - a potion of berserk rage {unknown}
 s - 2 potions of brilliance {unknown}
 t - 2 potions of haste
 F - a potion of attraction {unknown}


   Skills:
 - Level 2.1 Fighting
 * Level 14.7 Bows
 - Level 1.7 Dodging
 - Level 0.8 Stealth


You had 8 spell levels left.
You knew the following spells:

 Your Spells              Type           Power      Damage    Failure   Level
a - Sting                 Tmut/Pois      0%         1d3       30%         1

Your spell library contained the following spells:

 Spells                   Type           Power      Damage    Failure   Level
 Foxfire                  Conj/Fire      0%         2x1d4     30%         1
 Freeze                   Ice            0%         1d3       30%         1
 Corpse Rot               Necr/Air       0%         N/A       43%         2
 Ensorcelled Hibernation  Hex/Ice        0%         N/A       43%         2
 Passwall                 Tmut/Erth      0%         N/A       43%         2
 Poisonous Vapours        Pois/Air       0%         N/A       43%         2
 Conjure Flame            Conj/Fire      0%         6-21      67%         3
 Frozen Ramparts          Ice            0%         1d2       67%         3
 Inner Flame              Hex/Fire       0%         N/A       67%         3
 Swiftness                Air            0%         N/A       67%         3
 Flame Wave               Conj/Fire      0%         2d4       97%         4
 Hailstorm                Conj/Ice       0%         3d3       97%         4
 Polar Vortex             Ice            0%         N/A       100%        9


Dungeon Overview and Level Annotations

Branches:
Dungeon (9/15)             Temple (0/1) D:6            Lair (0/6) D:8
  Sewer (visited)
    Orc: D:9-12

Altars:
Hepliaklqana
Kikubaaqudgha
Wu Jian

Shops:
D:3 ?   D:6 !


Innate Abilities, Weirdness & Mutations

Your life essence is reduced to manifest your ancestor. (-10% HP)
You can spit globs of acid.
Your golden yellow scales are hard. (AC +7)
You cannot fit into any form of body armour.
You are cold-blooded and may be slowed by cold attacks.
You are resistant to acid. (rCorr)


Message History

You barely miss the yak.
The yak is moderately wounded.
The yak gores you.
The yak gores Eadburga but does no damage.
The yak gores Eadburga.
The yak gores Eadburga but does no damage.
Eadburga hits the yak with a +0 flail!
The yak gores Eadburga.
The yak closely misses you.
Eadburga blocks the yak's attack. x2
You hit the yak.
Your tail-slap misses the yak.
The yak is moderately wounded.
Eadburga hits the yak with a +0 flail!
The yak closely misses you.
Eadburga blocks the yak's attack. x2
The yak gores Eadburga but does no damage.
Eadburga barely misses the yak.
You thump the yak!
The yak is heavily wounded.
The yak misses you.
Eadburga blocks the yak's attack.
The yak closely misses Eadburga. x2; Eadburga hits the yak with a +0 flail!
The yak gores Eadburga! x2
Eadburga is destroyed!
The yak gores you but does no damage.
You hit the yak.
The yak is severely wounded.
The yak is no longer covered in acid.
The yak barely misses you.
You hit the yak but do no damage.
The yak is severely wounded.
You have got your breath back.
The yak is no longer covered in acid.
The yak completely misses you.
You sock the yak!
Your tail-slap misses the yak.
Your punch misses the yak.
The yak is almost dead.
The yak gores you!
* * * LOW HITPOINT WARNING * * *
The yak closely misses you. The yak misses you. The yak gores you.
* * * LOW HITPOINT WARNING * * *
You closely miss the yak.
The yak is almost dead.
The yak gores you!
* * * LOW HITPOINT WARNING * * *
The yak gores you!
You die...

......###..............##....###.
..........................#.## .
.....##.............R....####
#...#####.........Y.......#
.....#....................##
#................#.........#
###..............##.......##
####..#......####.......#
###.....###.....@YY....).##
#.....#.##......#Y.....###
##...............Y...###
##.............#....##
##...##..)....#.....#
##..<##..#........##
#..###.##.......### ####
####.........# #.........##


You could see 4 yaks.

Vanquished Creatures
  Pikel (D:8)
  Prince Ribbit (D:6)
  6 yaks
  A water moccasin (Sewer)
  3 ice beasts
  An orc warrior (D:8)
  A black bear (D:8)
  An ogre (D:5)
  A kobold brigand (D:9)
  Blork the orc (D:4)
  3 bullfrogs
  5 scorpions
  A wight (D:9)
  2 killer bees
  A howler monkey (D:5)
  An orc priest (D:3)
  2 jellies
  3 iguanas
  Robin (D:2)
  2 gnolls (D:5)
  13 adders
  A worm (D:2)
  3 dart slugs
  2 fire bats (D:4)
  13 orcs
  2 spectral bats (D:4)
  10 ball pythons
  16 bats
  2 bat skeletons (D:4)
  13 endoplasms
  4 giant cockroaches
  12 goblins
  6 hobgoblins
  A jackal (D:1)
  16 kobolds
  2 quokkas
  A bat simulacrum (D:4)
  5 frilled lizards
  5 rats
165 creatures vanquished.

Vanquished Creatures (collateral kills)
  Maggie (D:6)
  A komodo dragon (D:8)
  2 yaks
  A sky beast (D:8)
  2 orc warriors
  A centaur (D:5)
  An ogre (D:5)
  2 kobold brigands
  A bullfrog (D:7)
  2 scorpions (D:5)
  3 wights (D:9)
  2 killer bees (D:8)
  A vampire bat (D:4)
  A jelly (D:5)
  Crazy Yiuf (D:5)
  A gnoll shaman (D:7)
  3 hounds
  3 iguanas (D:5)
  5 orc wizards
  5 gnolls
  2 adders (D:4)
  A white imp (D:8)
  A worm (D:3)
  2 dart slugs
  A fire bat (D:4)
  5 orcs
  A ball python (D:2)
  3 bats
  A bat skeleton (D:4)
  A bat zombie (D:4)
  A giant cockroach (D:4)
  4 jackals (D:4)
62 creatures vanquished.

Vanquished Creatures (others)
  4 knights
  An ancestor (D:2)
  5 plants (D:8)
10 creatures vanquished.

Grand Total: 237 creatures vanquished

Notes
Turn   | Place    | Note
-------+----------+-------------------------------------------
     0 | D:1      | night the Draconian Hunter began the quest for the Orb.
     0 | D:1      | Reached XP level 1. HP: 17/17 MP: 1/1
     6 | D:1      | Got Sif Muna's Reference Book on Snow and Transformation
   202 | D:1      | Reached skill level 4 in Bows
   205 | D:1      | Reached XP level 2. HP: 24/24 MP: 2/2
   209 | D:1      | Learned a level 1 spell: Sting
   433 | D:1      | Found a faded altar of an unknown god.
   446 | D:1      | Reached XP level 3. HP: 22/29 MP: 3/3
   452 | D:1      | Prayed at the altar of an unknown god.
   452 | D:1      | Became a worshipper of Hepliaklqana the Forgotten
   452 | D:1      | Reached * piety under Hepliaklqana
  1093 | D:2      | Reached skill level 5 in Bows
  1362 | D:2      | Reached XP level 4. HP: 32/32 MP: 4/4
  1497 | D:2      | Noticed Robin
  1503 | D:2      | Killed Robin
  1945 | D:3      | Found Qenis's Magic Scroll Shoppe.
  1974 | D:3      | Reached XP level 5. HP: 36/36 MP: 5/5
  2033 | D:3      | Reached ** piety under Hepliaklqana
  2034 | D:3      | Remembered your ancestor Eadburga as a knight
  2048 | D:3      | Reached skill level 6 in Bows
  2860 | D:4      | Found a glowing drain.
  2869 | Sewer    | Entered a sewer
  2897 | Sewer    | Noticed a water moccasin
  2905 | Sewer    | Killed a water moccasin
  2906 | Sewer    | Reached skill level 7 in Bows
  2906 | Sewer    | Reached XP level 6. HP: 43/43 MP: 6/6
  3541 | D:4      | Noticed Blork the orc
  3559 | D:4      | Killed Blork the orc
  3560 | D:4      | Your scales start taking on a golden yellow colour.
  3560 | D:4      | Reached XP level 7. HP: 34/49 MP: 7/7
  3560 | D:4      | Gained mutation: You are resistant to acid. (rCorr) [Yellow
                  | Draconian growth]
  3675 | D:4      | Reached skill level 8 in Bows
  3972 | D:5      | Entered Level 5 of the Dungeon
  4382 | D:5      | Reached skill level 9 in Bows
  4641 | D:5      | Reached XP level 8. HP: 40/54 MP: 8/8
  4887 | D:5      | Identified the ring "Taeph" {+Blink rPois rF+ Int-3 Dex+6}
  4904 | D:5      | Reached *** piety under Hepliaklqana
  5230 | D:5      | Reached skill level 10 in Bows
  5650 | D:5      | Found a runed translucent door.
  5651 | D:5      | Noticed Crazy Yiuf
  5693 | D:5      | Killed Crazy Yiuf
  5757 | D:5      | Reached skill level 11 in Bows
  5948 | D:6      | Found Cixteobu's Distillery.
  5955 | D:6      | Bought a potion of heal wounds for 70 gold pieces
  5977 | D:6      | Reached XP level 9. HP: 60/60 MP: 9/9
  6079 | D:6      | Noticed Maggie
  6086 | D:6      | Killed Maggie
  6241 | D:6      | Noticed Prince Ribbit
  6247 | D:6      | Killed Prince Ribbit
  6248 | D:6      | Reached skill level 12 in Bows
  6461 | D:6      | Found a staircase to the Ecumenical Temple.
  6782 | D:7      | Found an ancient bone altar of Kikubaaqudgha.
  6784 | D:7      | Found an ornate altar of the Wu Jian Council.
  7265 | D:7      | Reached **** piety under Hepliaklqana
  7633 | D:8      | Reached skill level 13 in Bows
  7813 | D:8      | Found a staircase to the Lair.
  7814 | D:8      | Noticed a komodo dragon
  7825 | D:8      | Killed a komodo dragon
  7927 | D:8      | Noticed Pikel
  7944 | D:8      | Killed Pikel
  7945 | D:8      | Reached XP level 10. HP: 65/65 MP: 10/10
  8397 | D:9      | Reached skill level 14 in Bows
  9081 | D:8      | HP: 5/65 [yak (10)]
  9418 | D:8      | HP: 8/65 [black bear (4)]
  9953 | D:9      | HP: 7/65 [yak (7)]
  9953 | D:9      | Slain by a yak

Illustrated notes

Levels and vault maps discovered:
D:1:      moated_graveyard_arrival, layout_basic,
          dreamdust_ecumenical_altar_hidden_monk_grotto, chequers_big_river,
          st_stairs_9
D:2:      layout_basic, uniq_robin
D:3:      layout_loops_ring, serial_shops, nicolae_shop_advertising_works
          [nicolae_subvault_shop_adworks]
D:4:      layout_basic, portal_sewer_entry_d, goddamned_bats, uniq_blork_the_orc
D:5:      cheibrodos_barr_body, layout_basic, grunt_decor_one_mirror,
          chequers_jeans, dreamdust_wishing_well, uniq_crazy_yiuf_cottage
D:6:      layout_basic, minmay_temple_entry_statues, serial_shops, shop,
          hangedman_decor_points, nrook_mini_vaults, uniq_maggie,
          uniq_prince_ribbit1
D:7:      layout_loops_ring, jmf_multi_god_temple, minmay_misc_feat_rows,
          kennysheep_generic_room_10
D:8:      layout_rooms, david_lair_shrubbed, uniq_pikel
D:9:      layout_cave_pools

Skill      XL: |  1  2  3  4  5  6  7  8  9 10 |
---------------+-------------------------------+-----
Bows           | 4 5 7 9 11 13 14 | 14.7
Fighting       | |  2.1
Dodging        | |  1.7
Stealth        | |  0.8

Action                   |  1- 3 |  4- 6 |  7- 9 | 10-12 || total
-------------------------+-------+-------+-------+-------++-------
Melee: Mace              |     1 |       |     9 |     9 ||    19
       Tailslap          |       |       |     1 |     2 ||     3
       Scimitar          |       |       |       |    20 ||    20
       Battleaxe         |       |       |       |    16 ||    16
       Punch             |       |       |       |     1 ||     1
 Fire: Shortbow          |   101 |   210 |   311 |    63 ||   685
 Cast: Sting             |       |     1 |       |     3 ||     4
Invok: Ancestor Life: Kn |       |     1 |       |       ||     1
       Recall Ancestor   |       |       |       |     1 ||     1
 Abil: Breathe Acid      |       |       |     8 |     6 ||    14
Evoke: Wand              |       |       |       |     3 ||     3
  Use: Scroll            |       |     4 |     6 |       ||    10
Armor: Skin              |     8 |    57 |    61 |    33 ||   159
Dodge: Dodged            |    20 |    79 |   116 |    69 ||   284

Table legend: (Time is in decaauts)
 A = Elapsed time spent in this place.
 B = Non-inter-level travel time spent in this place.
 C = Inter-level travel time spent in this place.
 D = Time resting spent in this place.
 E = Time spent auto-exploring this place.
 F = Levels seen in this place.
 G = Mean time per level.
                   A        B        C        D        E       F      G
               +--------+--------+--------+--------+--------+-----+--------+
         Total |  10036 |   9752 |    284 |   1248 |   7007 |  10 | 1003.6 |
       Dungeon |   9951 |   9667 |    284 |   1248 |   6956 |   9 | 1105.7 |
         Sewer |     84 |     84 |      0 |      0 |     51 |   1 |   84.0 |
               +--------+--------+--------+--------+--------+-----+--------+

Top non-repeatable levels by time:
     D:5: 1854 daAuts
     D:8: 1844 daAuts
     D:4: 1462 daAuts
     D:7: 902 daAuts
     D:6: 882 daAuts
     D:1: 873 daAuts
     D:3: 865 daAuts
     D:2: 769 daAuts
     D:9: 495 daAuts
   Sewer: 84 daAuts
